 Dungeon Crawl Stone Soup version 0.19.1 (console) character file.

184 Jesseh the Covered (level 5, -1/37 HPs)
             Began as a Halfling Fighter on Nov 24, 2016.
             Slain by an ogre
             ... wielding a +0 giant club
              (13 damage)
             ... on level 4 of the Dungeon.
             The game lasted 00:08:20 (2243 turns).

Jesseh the Covered (Halfling Fighter)               Turns: 2243, Time: 00:08:20

Health: -1/37      AC: 10    Str: 17    XL:     5   Next: 95%
Magic:  5/5        EV:  9    Int:  6    God:
Gold:   136        SH:  0    Dex: 15    Spells: 0 memorised, 4 levels left

rFire  . . .     SeeInvis .     m - +2 hand axe (chop)
rCold  . . .     Gourm    .     l - +0 chain mail
rNeg   . . .     Faith    .     (shield restricted)
rPois  .         Spirit   .     (no helmet)
rElec  .         Reflect  .     i - +0 cloak
rCorr  .         Harm     .     (no gloves)
MR     .....                    (no boots)
Stlth  ..........               (no amulet)
                                (no ring)
                                (no ring)

@: no status effects
A: mutation resistance 1
a: no special abilities


You were on level 4 of the Dungeon.
You were not hungry.

You visited 1 branch of the dungeon, and saw 4 of its levels.

You collected 136 gold pieces.

Inventory:

Hand Weapons
 a - a +0 long sword
 m - a +2 hand axe of chopping (weapon)
   (You found it on level 1 of the Dungeon)
Armour
 b - a +0 scale mail
 c - a +0 shield
 i - a +0 cloak (worn)
   (You found it on level 1 of the Dungeon)
 l - a +0 chain mail (worn)
   (You found it on level 1 of the Dungeon)
Scrolls
 j - 3 scrolls of identify {unknown}
 k - 2 scrolls of remove curse {unknown}
 p - a scroll of fog {unknown}
Potions
 d - a potion of might
 e - a potion of haste {unknown}
Comestibles
 f - 3 bread rations
 g - 3 chunks of flesh
 h - 3 fruits
 n - 2 meat rations
 o - a royal jelly


   Skills:
 + Level 4.0 Fighting
 * Level 3.9 Long Blades
 + Level 4.2 Armour
 - Level 3.2 Shields


You had 4 spell levels left.
You didn't know any spells.

Dungeon Overview and Level Annotations

Branches:
Dungeon (4/15)
 Temple: D:4-7

Altars:
Dithmenos
Qazlal


Innate Abilities, Weirdness & Mutations

You are small and have problems with some larger weapons.
You are somewhat resistant to further mutation.


Message History

The hobgoblin closely misses you.
You hit the hobgoblin.
You kill the hobgoblin!
No target in view!
No target in view!
Things that are here:
a hand axe; a silver tomahawk There isn't anything to butcher here.
You can't see that place. [a shadowy altar of Dithmenos.]
You see here a silver tomahawk.
You see here a silver tomahawk.
You see here a silver tomahawk.
You now have 136 gold pieces (gained 10).
All of the chunks of flesh in your inventory have rotted away.
Things that are here:
a chain mail; a dagger; a robe You are feeling hungry.
Okay, then.
You see here a hand axe.
Done exploring.
You see here a leather armour.
There is a stone staircase leading down here.
You climb downwards.
A quokka comes into view.
There is a stone staircase leading up here.
A plate armour.
The floor.
The quokka closely misses you.
You hit the quokka. The quokka barely misses you.
You hit the quokka.
You kill the quokka!
Your Fighting skill increases to level 4!
Fighting reached 4.
Currently training: Fighting(4), Long Blades(3.8), Armour(4.1).
Choose a target skill level:
Found a stone staircase leading down.
There is a stone staircase leading down here.
A ball python comes into view.
The ball python hisses angrily.
The ball python bites you but does no damage.
The ball python grabs you. The ball python constricts you.
You hit the ball python.
You kill the ball python!
No target in view!
No target in view!
Found an escape hatch in the ceiling.
You see here a ball python corpse.
You butcher the ball python corpse.
g - 4 chunks of flesh You see here a ball python skeleton.
Eating one of 4 chunks of flesh.
You start eating one of the 4 chunks of flesh.
o - a royal jelly
f - 3 bread rations (gained 1)
An ogre comes into view. It is wielding a giant club.
An adder comes into view.
The adder hisses angrily.
You miss the adder. The adder bites you but does no damage.
You miss the adder. The adder bites you.
You are poisoned.
The adder poisons you! The adder bites you but does no damage.
You slash the ogre! You closely miss the adder.
You feel sick. The adder bites you. The ogre hits you with a giant club!
* * * LOW HITPOINT WARNING * * *
The adder bites you but does no damage.
You are too injured to fight recklessly!
You are too injured to fight recklessly!
You are too injured to fight recklessly!
You are too injured to fight recklessly!
You are too injured to fight recklessly!
You are too injured to fight recklessly!
You hit the adder.
You feel sick. The adder barely misses you. The adder misses you.
You hit the adder. The adder bites you.
* * * LOW HITPOINT WARNING * * *
The adder barely misses you.
You closely miss the adder. The adder closely misses you.
You feel sick. The adder bites you but does no damage.
You feel sick. The adder closely misses you. The adder closely misses you.
You feel sick.
You are no longer poisoned.
The adder barely misses you. The adder closely misses you.
You closely miss the adder. The adder bites you but does no damage.
You closely miss the adder.
The adder bites you but does no damage. x2
You hit the adder. The adder closely misses you. The adder barely misses you.
You hit the adder.
You kill the adder!
Found a lumpy blue potion.
Found a stone staircase leading down.
An ogre comes into view. It is wielding a giant spiked club.
The ogre shouts!
You hit the ogre. x2; The ogre barely misses you.
The ogre hits you with a giant spiked club.
* * * LOW HITPOINT WARNING * * *
An orc comes into view.
The ogre hits you with a giant club!
You die...

▒▒▒▒▒▒▒▒.▒▒.▒▒
▒..▒.▒ ▒▒.▒.▒
▒.▒.▒ ▒.▒.▒
▒...▒ ▒▒..▒
▒..▒▒▒▒▒▒
▒pO.....▒
▒.......▒
▒.O!....▒
.....▒▒▒▒▒
.......▒
.........▒
......▒.▒▒
▒▒▒......
▒.▒▒▒o▒


You could see 2 ogres.

Vanquished Creatures
  An orc priest (D:3)
  An orc wizard (D:3)
  5 adders
  2 oozes
  5 dart slugs
  3 leopard geckos
  7 orcs (D:3)
  2 ball pythons
  2 giant cockroaches
  2 goblins
  9 hobgoblins
  2 jackals (D:2)
  A quokka (D:4)
  8 bats
  3 frilled lizards
  4 kobolds
  4 rats
61 creatures vanquished.

Notes
Turn   | Place    | Note
-------+----------+-------------------------------------------
     0 | D:1      | Jesseh the Halfling Fighter began the quest for the Orb.
     0 | D:1      | Reached XP level 1. HP: 15/15 MP: 1/1
    58 | D:1      | Reached XP level 2. HP: 20/20 MP: 2/2
   120 | D:1      | Reached skill level 3 in Fighting
   416 | D:1      | Reached XP level 3. HP: 26/26 MP: 3/3
   913 | D:2      | Found a stormy altar of Qazlal.
  1020 | D:2      | Reached XP level 4. HP: 15/31 MP: 4/4
  1369 | D:3      | Found a shadowy altar of Dithmenos.
  1422 | D:3      | Reached skill level 3 in Long Blades
  1578 | D:3      | Reached skill level 4 in Armour
  1578 | D:3      | Reached XP level 5. HP: 37/37 MP: 5/5
  2141 | D:4      | Reached skill level 4 in Fighting
  2194 | D:4      | Noticed an ogre
  2239 | D:4      | Noticed an ogre
  2243 | D:4      | Slain by an ogre

Skill      XL: |  1  2  3  4  5 |
---------------+----------------+-----
Fighting       | 3 4 |  4.0
Long Blades    | 3 |  3.9
Armour         | 4 |  4.2
Shields        | |  3.2

Action                   |  1- 3 |  4- 6 || total
-------------------------+-------+-------++-------
Melee: Long sword        |    81 |       ||    81
       Hand axe          |    16 |    80 ||    96
  Eat: Chunk             |       |     3 ||     3
       Pizza             |       |     1 ||     1
Armor: Scale mail        |    26 |       ||    26
       Chain mail        |    35 |    46 ||    81
Dodge: Dodged            |    48 |    37 ||    85
Block: Shield            |    29 |       ||    29
       Rpst.: Long sword |    11 |       ||    11

Vault maps used:
D:1:      sevenhm_arrival_forest_fort_small_6, minmay_tripent
D:2:      nicolae_qazlal_eye_of_the_storm
D:3:      grunt_dithmenos_smoke
D:4:      wad_pebble_path, first_bread, lemuel_old_faithful

Table legend:
 A = Turns spent in this place as a percentage of turns spent in the entire game.
 B = Non-inter-level travel turns spent in this place as a percentage of non-inter-level travel turns spent in the entire game.
 C = Inter-level travel turns spent in this place as a percentage of turns spent in this place.
 D = Turns resting spent in this place as a percentage of non-inter-level travel turns spent in this place.
 E = Turns spent auto-exploring this place as a percentage of non-inter-level travel turns spent in this place.
 F = Non-inter-level travel turns spent in this place divided by the number of levels of this place that you've seen.
                   A       B       C       D       E      F
               +-------+-------+-------+-------+-------+----------------------
         Total | 100.0 | 100.0 |   0.3 |   1.1 |  10.2 | 152.5
       Dungeon | 100.0 | 100.0 |   0.3 |   1.1 |  10.2 | 152.5
               +-------+-------+-------+-------+-------+----------------------

Table legend:
 A = Kills in this place as a percentage of kills in entire the game.
 B = Kills by you in this place as a percentage of kills by you in the entire game.
 C = Kills by friends in this place as a percentage of kills by friends in the entire game.
 D = Other kills in this place as a percentage of other kills in the entire game.
 E = Experience gained in this place as a percentage of experience gained in the entire game.
 F = Experience gained in this place divided by the number of levels of this place that you have seen.
                   A       B       C       D       E      F
               +-------+-------+-------+-------+-------+----------------------
         Total | 100.0 | 100.0 |  -nan |  -nan | 100.0 |  65.8
       Dungeon | 100.0 | 100.0 |  -nan |  -nan | 100.0 |  65.8
               +-------+-------+-------+-------+-------+----------------------
